Map: Catalyst LE

Players

FeaR

  • Race: Protoss Protoss
  • League: Master
  • Spawn Location: 5:00

aLive - Winner!

  • Race: Terran Terran
  • Spawn Location: 11:00

Event: HomeStory Cup XVI

VOD

Have the link to the VOD?

Description

Time

  • Played on: Nov. 10, 2017, 1:34 p.m.
  • Length: 8:00

All games in this series

Show
View Real Time Build Order
Export as new Build Order

FeaR Protoss 

Build Orders: 1 Gate Expand, Colossus Rush 

Get SALT Encoding   

  12  0:02  Probe (Chrono Boost)  
  14  0:14  Probe (Chrono Boost)  
  14  0:17  Pylon  
  14  0:25  Probe (Chrono Boost)  
  15  0:31  Probe (Chrono Boost)  
  15  0:36  Gateway  
  15  0:40  Probe (Chrono Boost)  
  17  0:52  Assimilator  
  17  0:53  Probe (Chrono Boost)  
  18  0:59  Probe (Chrono Boost)  
  19  1:07  Probe (Chrono Boost)  
  20  1:22  Nexus  
  20  1:31  Cybernetics Core  
  20  1:36  Probe (Chrono Boost)  
  20  1:39  Assimilator  
  22  1:48  Probe (Chrono Boost)  
  22  1:50  Pylon  
  22  2:00  Probe (Chrono Boost)  
  23  2:02  Stalker  
  23  2:12  Probe (Chrono Boost)  
  23  2:13  Warp Gate  
  26  2:24  Probe (Chrono Boost)  
  26  2:27  Robotics Facility  
  27  2:30  Stalker  
  27  2:36  Probe x2 (Chrono Boost)  
  31  2:48  Probe (Chrono Boost)  
  31  2:49  Probe (Chrono Boost)  
  34  3:00  Probe (Chrono Boost)  
  34  3:01  Probe (Chrono Boost)  
  34  3:04  Observer  
  35  3:12  Probe (Chrono Boost)  
  37  3:13  Probe (Chrono Boost)  
  38  3:23  Gateway  
  38  3:24  Probe (Chrono Boost)  
  38  3:25  Gateway, Observer, Probe (Chrono Boost)  
  41  3:29  Pylon  
  41  3:36  Probe (Chrono Boost)  
  41  3:37  Probe (Chrono Boost)  
  45  3:48  Probe (Chrono Boost)  
  45  3:49  Probe (Chrono Boost)  
  45  3:55  Shield Battery  
  45  3:59  Shield Battery  
  45  4:00  Probe (Chrono Boost)  
  45  4:01  Probe (Chrono Boost)  
  49  4:05  Shield Battery  
  49  4:07  Pylon  
  49  4:12  Probe (Chrono Boost)  
  49  4:13  Probe (Chrono Boost)  
  49  4:17  Stalker  
  49  4:19  Stalker  
  54  4:24  Probe (Chrono Boost)  
  54  4:25  Zealot  
  54  4:29  Probe (Chrono Boost)  
  51  4:37  Probe (Chrono Boost)  
  49  4:41  Probe (Chrono Boost)  
  49  4:42  Stalker x2  
  49  4:45  Stalker  
  53  4:49  Probe (Chrono Boost)  
  52  4:53  Probe (Chrono Boost)  
  52  4:58  Probe (Chrono Boost)  
  46  5:01  Probe (Chrono Boost)  
  46  5:04  Probe (Chrono Boost), Robotics Bay  
  44  5:07  Probe (Chrono Boost)  
  44  5:13  Shield Battery, Sentry x2  
  44  5:14  Shield Battery  
  48  5:15  Probe (Chrono Boost)  
  48  5:19  Assimilator  
  48  5:20  Probe (Chrono Boost)  
  48  5:21  Assimilator  
  50  5:27  Probe (Chrono Boost)  
  50  5:28  Adept  
  53  5:30  Pylon  
  53  5:32  Probe (Chrono Boost)  
  54  5:39  Probe (Chrono Boost)  
  54  5:42  Colossus  
  56  5:44  Probe (Chrono Boost)  
  56  5:45  Twilight Council  
  56  5:49  Gateway, Forge  
  56  5:51  Probe (Chrono Boost)  
  56  5:56  Probe (Chrono Boost)  
  57  6:03  Probe (Chrono Boost)  
  64  6:07  Extended Thermal Lance  
  64  6:10  Probe (Chrono Boost)  
  65  6:15  Probe (Chrono Boost)  
  66  6:26  Photon Cannon  
  66  6:28  Probe (Chrono Boost)  
  66  6:29  Probe (Chrono Boost), Pylon  
  68  6:35  Zealot  
  68  6:37  Colossus  
  70  6:40  Pylon  
  70  6:53  Stalker  
  78  6:58  Stalker x3  
  84  7:02  Shield Battery  
  75  7:19  Stalker  
  75  7:20  Probe (Chrono Boost)  
  75  7:21  Stalker x2  
  75  7:22  Stalker x2, Probe (Chrono Boost)  
  62  7:23  Stalker x2  
  69  7:32  Probe (Chrono Boost)  
  69  7:34  Probe (Chrono Boost)  
  50  7:44  Probe (Chrono Boost)  
  50  7:46  Probe (Chrono Boost)  
Show
View Real Time Build Order
Export as new Build Order

aLive Terran - Winner!

Build Orders: Reaper Expand, MMM Bio 

Get SALT Encoding   

  12  0:00  SCV  
  13  0:12  SCV  
  14  0:17  Supply Depot  
  14  0:24  SCV  
  15  0:39  SCV  
  15  0:40  Barracks  
  16  0:44  Refinery  
  16  0:51  SCV  
  17  1:03  SCV  
  18  1:15  SCV  
  19  1:27  Reaper, Orbital Command  
  20  1:40  Command Center  
  20  1:50  Barracks  
  20  1:54  SCV  
  21  2:03  Barracks Reactor  
  21  2:06  Barracks  
  21  2:10  SCV  
  22  2:15  Supply Depot  
  22  2:22  SCV  
  23  2:37  SCV  
  23  2:38  Barracks Tech Lab  
  23  2:41  Marine x2  
  26  2:49  SCV  
  27  2:52  Orbital Command  
  27  2:54  Marine  
  27  2:56  Marauder, Concussive Shells  
  30  2:58  Marine  
  30  2:59  Marine  
  30  3:01  SCV  
  33  3:08  Supply Depot  
  33  3:13  SCV  
  33  3:15  Marine  
  33  3:17  Marine x2  
  33  3:19  Marauder  
  39  3:20  SCV  
  39  3:25  SCV  
  41  3:30  Supply Depot  
  41  3:32  Refinery  
  41  3:33  SCV  
  42  3:35  Marine x2  
  42  3:37  Marine  
  42  3:38  SCV  
  42  3:40  Marine  
  47  3:45  SCV  
  47  3:48  Stimpack  
  47  3:50  SCV  
  47  3:52  Supply Depot  
  48  3:58  SCV  
  48  3:59  Marine x4  
  48  4:02  SCV  
  54  4:06  Supply Depot  
  54  4:13  SCV  
  54  4:14  SCV  
  56  4:18  Barracks Tech Lab  
  56  4:20  Marine x2  
  56  4:21  Refinery  
  58  4:25  Factory  
  54  4:36  SCV  
  54  4:37  SCV  
  54  4:41  Marine x2  
  54  4:42  Marauder x2  
  58  4:48  SCV  
  58  4:49  SCV  
  59  4:55  Engineering Bay  
  56  5:01  SCV x2  
  56  5:02  Marine  
  56  5:03  Marauder x2, Marine  
  62  5:13  SCV x2  
  62  5:16  Starport, Factory Reactor  
  62  5:20  Combat Shields  
  62  5:23  Terran Infantry Weapons Level 1  
  62  5:25  Supply Depot, SCV x2  
  64  5:34  Missile Turret  
  64  5:36  Marauder, Marine x2  
  64  5:37  Marauder  
  70  5:52  Barracks, SCV  
  70  5:53  Barracks, SCV  
  72  6:01  Medivac x2  
  72  6:03  Supply Depot  
  76  6:05  Marine x2  
  76  6:06  Marauder x2  
  76  6:10  Supply Depot  
  76  6:11  Refinery  
  82  6:13  Supply Depot  
  82  6:24  Marine x2  
  84  6:28  Marauder x2  
  84  6:30  Supply Depot  
  84  6:32  Medivac x2  
  92  6:45  Supply Depot, Barracks Tech Lab, Barracks Reactor, Marine x2  
  92  6:46  Supply Depot  
  94  6:56  Marauder x2  
  94  6:58  Command Center  
  96  7:18  Marine x2  
  96  7:19  Marauder x2  
  95  7:27  Marine x2  
  100  7:32  SCV x2  
  100  7:35  Supply Depot  
  93  7:37  Supply Depot  
  93  7:38  Supply Depot  
Tags
 
Add a new tag
Caveats
  • Supply blocks, unpowered buildings, or Contaminate may cause inaccurate times.
  • Supply counts are checked every 10 seconds.